 Dungeon Crawl Stone Soup version 0.31-a0-875-g02e7d12df6 (webtiles) character file.

Game seed: 5295297414327364376

928 Flugkiller the Ducker (level 7, -5/43 HPs)
             Began as a Deep Elf Fighter on Oct 13, 2023.
             Was a Believer of Wu Jian.
             Slain by a hornet (13 damage)
             ... on level 5 of the Dungeon.
             The game lasted 00:09:01 (5095 turns).

Flugkiller the Ducker (Deep Elf Fighter)            Turns: 5095, Time: 00:09:01

Health: -5/43      AC:  7    Str: 13    XL:     7   Next: 85%
Magic:  9/9        EV: 14    Int: 13    God:    Wu Jian [**....]
Gold:   266        SH:  0    Dex: 22    Spells: 6/6 levels left

rFire   . . .        a - +0 long sword
rCold   . . .        c - +0 buckler
rNeg    . . .        e - +0 ring mail
rPois   .            u - +0 helmet
rElec   .            (no cloak)
rCorr   .            (no gloves)
SInv    .            p - +0 pair of boots
Will    .....        (no amulet) Stlth
                     n - +6 ring of dexterity
HPRegen 0.27/turn    (no ring)
MPRegen 0.11/turn

%: no passive effects
@: confused, mighty, lethally poisoned (-5 -> -13), ambrosia-drunk, on berserk
cooldown, attractive, slowed, very slow
A: no striking features
a: Renounce Religion, Wall Jump


You were on level 5 of the Dungeon.
You worshipped Wu Jian.
Wu Jian was pleased with you.
You visited 1 branch of the dungeon, and saw 5 of its levels.
You also visited: Ossuary.

You collected 266 gold pieces.

Inventory:

Hand Weapons
 a - a +0 long sword (weapon)
Missiles
 g - a throwing net
 j - 6 poisoned darts
Armour
 b - a +0 scale mail
 c - a +0 buckler (worn)
 e - a +0 ring mail (worn)
   (You found it on level 3 of the Dungeon)
 p - a +0 pair of boots (worn)
   (You found it on level 2 of the Dungeon)
 u - a +0 helmet (worn)
   (You found it on level 2 of the Dungeon)
Jewellery
 n - a +6 ring of dexterity (left hand)
   (You found it on level 2 of the Dungeon)
Wands
 m - a wand of flame (9)
   (You found it on level 2 of the Dungeon)
Scrolls
 h - a scroll of enchant weapon
 i - a scroll of revelation
 k - a scroll of fog
 l - a scroll of torment
 s - a scroll of immolation {unknown}
 v - a scroll of blinking {unknown}
 w - 2 scrolls of teleportation {unknown}
 A - a scroll of vulnerability {unknown}
Potions
 f - 2 potions of brilliance
 t - a potion of invisibility
 z - a potion of haste {unknown}
 B - a potion of magic {unknown}


   Skills:
 - Level 4.0 Fighting
 - Level 6.0 Long Blades
 - Level 2.4 Armour
 - Level 6.0 Dodging
 - Level 2.4 Shields
 + Level 0.4 Evocations


You had 6 spell levels left.
You didn't know any spells.
Your spell library contained the following spells:

 Spells                   Type           Power      Damage    Failure   Level
 Dazzling Flash           Conj/Hex       0%         N/A       95%         3
 Volatile Blastmotes      Fire/Tloc      0%         2d10      95%         3
 Starburst                Conj/Fire      0%         6d3       100%        6
 Maxwell's Capacitive Co  Air            0%         ∞         100%        8


Dungeon Overview and Level Annotations

Branches:
Dungeon (5/15) Zot: 25092 Ossuary (visited)
 Temple: D:4-7

Altars:
Sif Muna
Uskayaw
Wu Jian
Xom


Message History

Unknown command.
Okay, then.
r - 2 scrolls of identify (gained 1)
As you read the scroll of identify, it crumbles to dust.
o - a scroll of fear
As you read the scroll of identify, it crumbles to dust.
q - a potion of curing Unknown command.
Found a pair of gloves.
HP restored.
You see here a +0 pair of gloves.
You now have 266 gold pieces (gained 15).
w - 2 scrolls labelled CUCRAC KUKHLELA (gained 1)
A hornet comes into view.
The hornet buzzes angrily.
It was a potion of ambrosia.
You are confused.
You feel invigorated.
It was a potion of attraction.
You feel attractive to monsters. The hornet is attracted toward you.
It was a potion of berserk rage.
A red film seems to cover your vision as you go berserk!
You feel yourself moving faster!
You feel mighty! The hornet barely misses you.
You feel a strong urge to attack something.
You closely miss the hornet. The hornet completely misses you.
You miss the hornet. The hornet stings you.
You feel yourself slow down.
You slash the hornet!
The hornet is heavily wounded.
You feel yourself speed up. The hornet misses you. x2
You bump into the rock wall.
The hornet misses you.
You're too confused to move!
You feel a strong urge to attack something.
The hornet closely misses you.
You miss the hornet.
The hornet is heavily wounded.
The hornet misses you.
You feel less invigorated.
You feel less confused.
You are no longer berserk.
You are exhausted.
You feel yourself slow down. The hornet stings you.
You are poisoned.
You feel as though you will be slow longer.
You hit the hornet.
The hornet is heavily wounded.
You feel very sick.
The hornet stings you but does no damage.
The hornet barely misses you.
You miss the hornet.
The hornet is heavily wounded.
You feel sick. The hornet closely misses you. You block the hornet's attack.
The hornet misses you.
You hit the hornet but do no damage.
The hornet is heavily wounded.
You feel sick. The hornet stings you!
You feel as though you will be slow longer.
The hornet completely misses you.
As you read the scroll of fear, it crumbles to dust.
You assume a fearsome visage.
The hornet looks frightened!
You feel sick. The hornet is attracted toward you.
You feel very mighty all of a sudden.
You feel sick. The hornet is attracted toward you.
You miss the hornet.
The hornet is heavily wounded.
You feel sick.
You are no longer poisoned.
The hornet is attracted toward you.
You slash the hornet!
Your attack snaps the hornet out of its fear.
The hornet is severely wounded.
The hornet misses you. The hornet stings you.
* * * LOW HITPOINT WARNING * * *
You feel as though you will be slow longer.
The hornet stings you.
* * * LOW HITPOINT WARNING * * *
You are lethally poisoned!
You feel as though you will be slow longer.
You feel better. You block the hornet's attack. The hornet closely misses you.
You barely miss the hornet.
The hornet is severely wounded.
The hornet stings you!
* * * LOW HITPOINT WARNING * * *
You feel as though you will be slow longer.
The hornet completely misses you. The hornet misses you.
You closely miss the hornet.
The hornet is severely wounded.
The hornet stings you.
* * * LOW HITPOINT WARNING * * *
You are lethally poisoned!
You feel as though you will be slow longer.
The hornet misses you.
Okay, then.
Okay, then.
You are confused.
You feel invigorated.
* * * LOW HITPOINT WARNING * * *
You feel very sick. The hornet stings you!
You die...

#...#####.# ##...#
.....# #..... #...#
#.##....... ### ###...
#...# #.......#### ###.
#...# #..#.#..# #.
##.#### #.......### #.
......# ##.#......# ###
#. .#.#..## #.####.#.#
##.## #. ...#...#
#.....y#.## ##.#.###.
.#####.#
#######@..######.###....
...#...####
#...........#.####
.#.#..<...#
#...########.##
.......##.# ##### ###
.#..#..##.# .......##.#
.......##.# ##.######.##
.....# #..#


You could see a hornet.

Vanquished Creatures
  2 black bears (D:5)
  2 ogres (D:5)
  3 scorpions (D:4)
  2 hounds (D:4)
  A gnoll bouda (D:4)
  An orc priest (D:5)
  An iguana (D:5)
  Ijyb (D:3)
  An orc wizard (D:5)
  A mummy (Ossuary)
  4 gnolls
  4 adders
  An ufetubus (D:4)
  3 worms
  2 dart slugs
  10 orcs
  7 endoplasms
  A giant cockroach (D:1)
  5 goblins
  6 hobgoblins
  18 jackals
  5 quokkas
  2 ball pythons
  6 bats
  5 frilled lizards
  8 gnoll skeletons (Ossuary)
  5 kobolds
  4 kobold skeletons (Ossuary)
  13 orc skeletons (Ossuary)
  4 rats
128 creatures vanquished.

Notes
Turn   | Place    | Note
-------+----------+-------------------------------------------
     0 | D:1      | Flugkiller the Deep Elf Fighter began the quest for the
                  | Orb.
     0 | D:1      | Reached XP level 1. HP: 13/13 MP: 3/3
   341 | D:1      | Reached XP level 2. HP: 18/18 MP: 4/4
   580 | D:1      | Reached XP level 3. HP: 14/22 MP: 5/5
  1503 | D:2      | Found a faded altar of an unknown god.
  1870 | D:2      | Reached XP level 4. HP: 15/27 MP: 6/6
  2074 | D:3      | Noticed Ijyb
  2097 | D:3      | Killed Ijyb
  2098 | D:3      | Reached skill level 1 in Dodging
  2658 | D:3      | Found a shimmering blue altar of Sif Muna.
  2660 | D:3      | Found an ornate altar of the Wu Jian Council.
  2663 | D:3      | Found a hide-covered altar of Uskayaw.
  2670 | D:3      | Found a shimmering altar of Xom.
  2866 | D:3      | Became a worshipper of the Wu Jian Council
  3068 | D:4      | Noticed a scorpion
  3194 | D:4      | Noticed a scorpion
  3215 | D:4      | Reached XP level 5. HP: 29/32 MP: 7/7
  3274 | D:4      | Reached XP level 6. HP: 33/38 MP: 8/8
  3341 | D:4      | Found a sand-covered staircase.
  3346 | Ossuary  | Entered an ossuary
  3346 | Ossuary  | Noticed a wraith
  3346 | Ossuary  | Noticed a wraith
  3346 | Ossuary  | Noticed a wraith
  3378 | Ossuary  | Reached * piety under Wu Jian
  3619 | Ossuary  | Noticed a wraith
  4097 | D:5      | Entered Level 5 of the Dungeon
  4450 | D:5      | Reached skill level 5 in Dodging
  4450 | D:5      | Reached XP level 7. HP: 43/43 MP: 9/9
  4709 | D:5      | Reached ** piety under Wu Jian
  4710 | D:5      | Reached skill level 5 in Long Blades
  5073 | D:5      | Noticed a hornet
  5095 | D:5      | Slain by a hornet

Illustrated notes

Levels and vault maps discovered:
D:1:      lemuel_arrival_river_bridge, layout_loops_corners,
          ebering_dispersal_statue_hall, minmay_misc_feat_pillars, minivault_19,
          roderic_roman_lattice
D:2:      layout_basic, hellmonk_ecumenical_altar_prayer_group,
          hangedman_decor_push, amcnicky_mini_rare_corridor_liquid,
          minmay_misc_feat_diagonals
D:3:      layout_loops_ring, nicolae_overflow_macrodata_refinement, uniq_ijyb
D:4:      layout_loops_ring, enter_ossuary_5
D:5:      layout_loops_cross, serial_glass, glass_columns_b, glass_columns_c

Skill      XL: |  1  2  3  4  5  6  7 |
---------------+----------------------+-----
Long Blades    | 2 3 4 6 |  6.0
Dodging        | 2 3 5 6 |  6.0
Fighting       | 3 4 |  4.0
Armour         | |  2.4
Shields        | |  2.4
Evocations     | |  0.4

Action                     |  1- 3 |  4- 6 |  7- 9 || total
---------------------------+-------+-------+-------++-------
  Melee: Long sword        |   155 |   243 |    67 ||   465
Ability: Lunge             |       |     6 |     1 ||     7
         Whirlwind         |       |     1 |       ||     1
  Evoke: Wand              |       |     2 |     9 ||    11
    Use: Potion            |     1 |     3 |     6 ||    10
         Scroll            |       |     7 |     4 ||    11
   Stab: Invisible         |       |     5 |       ||     5
 Armour: Scale mail        |   102 |    25 |       ||   127
         Ring mail         |       |   103 |    55 ||   158
  Dodge: Dodged            |    57 |   108 |   106 ||   271
  Block: Buckler           |    47 |    56 |    28 ||   131

Table legend: (Time is in decaauts)
 A = Elapsed time spent in this place.
 B = Non-inter-level travel time spent in this place.
 C = Inter-level travel time spent in this place.
 D = Time resting spent in this place.
 E = Time spent auto-exploring this place.
 F = Levels seen in this place.
 G = Mean time per level.
                   A        B        C        D        E       F      G
               +--------+--------+--------+--------+--------+-----+--------+
         Total |   5215 |   4835 |    380 |    489 |   2686 |   6 |  869.2 |
       Dungeon |   4906 |   4526 |    380 |    407 |   2683 |   5 |  981.2 |
       Ossuary |    309 |    309 |      0 |     82 |      3 |   1 |  309.0 |
               +--------+--------+--------+--------+--------+-----+--------+

Top non-repeatable levels by time:
     D:4: 1171 daAuts
     D:2: 1027 daAuts
     D:1: 1011 daAuts
     D:3: 942 daAuts
     D:5: 753 daAuts
 Ossuary: 309 daAuts
